 Dungeon Crawl Stone Soup version 0.30-b1-2-g02819fbbbe (webtiles) character file.

Game seed: 4010431867066178402

4051 Flugkiller the Protected (level 10, -5/91 HPs)
             Began as a Minotaur Fighter on May 8, 2023.
             Was a Priest of Cheibriados.
             Killed from afar by Erica (15 damage)
             ... with a lance of force
             ... on level 9 of the Dungeon.
             The game lasted 00:03:45 (6803 turns).

Flugkiller the Protected (Minotaur Fighter)         Turns: 6803, Time: 00:03:46

Health: -5/91      AC: 27    Str: 29 (32) XL:     10   Next: 4%
Magic:  9/12       EV: 10    Int:  9 (11) God:    Cheibriados [***...]
Gold:   445        SH:  0    Dex: 19 (22) Spells: 9/9 levels left

rFire   . . .        g - +1 broad axe (freeze)
rCold   . . .        b - +0 buckler
rNeg    . . .        a - +8 plate armour of the Sun {-Tele Harm rC- Dex+7}
rPois   .            (helmet restricted)
rElec   .            s - +0 cloak
rCorr   .            (no gloves)
SInv    .            D - +2 pair of boots
Will    .....        (no amulet) Stlth
                     c - ring of protection from cold
HPRegen 0.35/turn    (no ring)
MPRegen 0.13/turn

%: no teleportation, harm (+30% outgoing, +20% incoming)
@: confused, attractive, very slow
A: horns 2, retaliatory headbutt
a: Renounce Religion, Bend Time, Temporal Distortion


You were on level 9 of the Dungeon.
You worshipped Cheibriados.
Cheibriados was most pleased with you.
You visited 1 branch of the dungeon, and saw 9 of its levels.

You collected 445 gold pieces.

Inventory:

Hand Weapons
 g - a +1 broad axe of freezing (weapon)
   (You acquired it on level 6 of the Dungeon)
 p - the +4 hand axe "Epunnyr" {venom, Dex+4}
   (You found it on level 3 of the Dungeon)

   Dex:       It affects your dexterity (+4).
Armour
 a - the +8 plate armour of the Sun (worn) {-Tele Harm rC- Dex+7}
   (You found it on level 8 of the Dungeon)

   Dex:       It affects your dexterity (+7).
   rC:        It makes you vulnerable to cold.
   -Tele:     It prevents most forms of teleportation.
   Harm:      It increases damage dealt and taken.
 b - a +0 buckler (worn)
 s - a +0 cloak (worn)
   (You found it on level 4 of the Dungeon)
 w - a +0 plate armour
   (You found it on level 4 of the Dungeon)
 D - a +2 pair of boots (worn)
   (You found it on level 6 of the Dungeon)
Jewellery
 c - a ring of protection from cold (left hand)
   (You found it on level 8 of the Dungeon)
Wands
 v - a wand of paralysis (6)
   (You found it on level 7 of the Dungeon)
 y - a wand of mindburst (6)
   (You found it on level 5 of the Dungeon)
 C - a wand of iceblast (11)
   (You found it on level 5 of the Dungeon)
Scrolls
 f - 2 scrolls of vulnerability
 m - 2 scrolls of immolation
 r - 4 scrolls of identify
 t - 2 scrolls of teleportation
 z - a scroll of blinking
Potions
 d - a potion of might
 j - a potion of brilliance {unknown}
 k - 3 potions of degeneration
 l - a potion of mutation {unknown}
 n - 2 potions of resistance
 o - a potion of berserk rage {unknown}
 u - a potion of flight
 x - a potion of lignification
 B - a potion of magic


   Skills:
 * Level 9.2 Fighting
 * Level 8.8 Axes
 * Level 9.3 Armour
 + Level 4.5 Dodging
 + Level 6.9 Shields
 + Level 4.1 Invocations


You had 9 spell levels left.
You didn't know any spells.
Your spell library was empty.

Dungeon Overview and Level Annotations

Branches:
Dungeon (9/15)             Temple (0/1) D:7
   Lair: D:8-11         Orc: D:9-12

Altars:
Cheibriados
Fedhas
Makhleb
Qazlal

Shops:
D:4 :

Annotations:
D:4 3 runed translucent doors, FlatIsJustice's ghost, amateur TeAE
D:9 Erica


Innate Abilities, Weirdness & Mutations

You have a pair of horns on your head.
You reflexively headbutt those who attack you in melee.


Message History

You hit the orc. You freeze the orc.
You kill the orc!
Cheibriados appreciates the change of pace.
Cheibriados raises the support of your attributes as your movement slows.
The acid dragon bites you but does no damage.
The acid dragon claws you but does no damage.
You slice the acid dragon!! You freeze the acid dragon.
You kill the acid dragon!
Cheibriados appreciates the change of pace.
Erica the Fiery-Tempered comes into view.
She is wielding a +3 scimitar of flaming.
Erica casts a spell at you. The lance of force hits you!
You are knocked back by the lance of force.
Items here: ))) [[ †††.
Erica gestures at you while chanting. The bolt of poison hits you!!
You are poisoned.
You slice Erica!! You freeze Erica.
Erica is heavily wounded.
You feel very sick.
Erica casts a spell.
Erica flickers and vanishes!
Deactivating autopickup; reactivate with Ctrl-A.
No target in view!
No target in view!
No target in view!
There is a strange disturbance nearby!
No target in view!
No target in view!
You completely miss something.
You feel very sick. Something hits you but does no damage.
You closely miss something.
You feel sick. Something hits you!
* * * LOW HITPOINT WARNING * * *
Something burns you.
* * * LOW HITPOINT WARNING * * *
You slash something! You freeze something. You headbutt something!
You feel sick. Something hits you but does no damage.
You hear some strange, mumbled words.
You are confused.
You feel better.
You hear some strange, mumbled words.
A bolt of poison appears from out of thin air!
The bolt of poison hits you!
You are poisoned.
* * * LOW HITPOINT WARNING * * *
You feel better.
You hear some strange, mumbled words.
A lance of force appears from out of thin air!
The lance of force hits you!
* * * LOW HITPOINT WARNING * * *
You are knocked back by the lance of force.
Okay, then.
Okay, then.
Okay, then.
You warp the flow of time around you!
Cheibriados lowers the support of your attributes as your movement quickens.
It was a potion of degeneration.
There was something very wrong with that liquid.
You feel weakened.
You feel dopey.
You feel clumsy.
It was a potion of attraction.
You feel attractive to monsters. Something is attracted toward you.
Okay, then.
You swing at nothing.
You hear some strange, mumbled words.
A bolt of poison appears from out of thin air!
The bolt of poison hits you but does no damage.
You are poisoned.
Something is attracted toward you.
You closely miss something. Your headbutt misses something.
You feel sick.
You hear some strange, mumbled words.
A bolt of poison appears from out of thin air!
The bolt of poison hits you!
You are lethally poisoned!
* * * LOW HITPOINT WARNING * * *
You feel better.
You hear some strange, mumbled words.
You are confused.
You're too confused to attack without stumbling around!
You're too confused to attack without stumbling around!
Unknown command.
You closely miss something. Something hits you but does no damage.
Okay, then.
You bump into the rock wall.
Something hits you but does no damage.
A basilisk comes into view.
Something hits you but does no damage. Something hits you.
* * * LOW HITPOINT WARNING * * *
Something burns you.
* * * LOW HITPOINT WARNING * * *
The basilisk is attracted toward you.
Unknown command.
You miss something.
The basilisk hisses angrily.
Your headbutt misses something. You barely miss the basilisk.
The basilisk bites you but does no damage.
You hear some strange, mumbled words.
A lance of force appears from out of thin air!
The lance of force hits you!
You die...

##### .>!.#.#
#§#.#.# #..
#.#.#.# #..
#.#...# # #...
#.l...#.# #...
#.@...#.#
#....#{...##.#
#....#..<....#
#...?.).#[...#
####.#.).....#
#.#.###.###
#.......#
###.##### #.#


You could see a basilisk.

Vanquished Creatures
  A two-headed ogre (D:8)
  Joseph (D:8)
  Prince Ribbit (D:5)
  A steam dragon (D:6)
  An acid dragon (D:9)
  2 water moccasins (D:7)
  2 orc warriors
  An ice beast (D:8)
  A black bear (D:6)
  2 ogres
  2 centaurs (D:8)
  2 bullfrogs
  5 scorpions
  4 wights (D:8)
  7 killer bees
  2 howler monkeys
  4 hounds
  6 orc priests
  2 jellies (D:6)
  4 iguanas
  4 orc wizards
  7 gnolls (D:5)
  4 adders
  2 shadow imps
  A white imp (D:5)
  An ufetubus (D:5)
  An adder skeleton (D:2)
  4 worms
  4 dart slugs
  25 orcs
  A bat skeleton (D:2)
  A bat zombie (D:2)
  5 endoplasms
  2 giant cockroaches (D:3)
  A hobgoblin (D:3)
  9 jackals
  11 kobolds
  2 quokkas (D:3)
  8 ball pythons
  A bat (D:2)
  4 frilled lizards
  7 goblins
  2 rat zombies (D:5)
158 creatures vanquished.

Vanquished Creatures (others)
  3 withered plants (D:2)
3 creatures vanquished.

Grand Total: 161 creatures vanquished

Notes
Turn   | Place    | Note
-------+----------+-------------------------------------------
     0 | D:1      | Flugkiller the Minotaur Fighter began the quest for the
                  | Orb.
     0 | D:1      | Reached XP level 1. HP: 19/19 MP: 0/0
   166 | D:1      | Reached XP level 2. HP: 24/27 MP: 1/1
   760 | D:2      | Reached XP level 3. HP: 33/33 MP: 2/2
   949 | D:2      | Found a faded altar of an unknown god.
  1310 | D:3      | Identified the +4 hand axe "Epunnyr" {venom, Dex+4}
  1513 | D:3      | Noticed a scorpion
  1518 | D:3      | Killed a scorpion
  1519 | D:3      | Reached XP level 4. HP: 38/41 MP: 3/3
  1711 | D:4      | Reached XP level 5. HP: 47/47 MP: 4/4
  1766 | D:4      | Found a runed translucent gate.
  1766 | D:4      | Found a runed translucent gate.
  1766 | D:4      | Found a runed translucent gate.
  1767 | D:4      | Noticed FlatIsJustice's ghost (amateur TeAE)
  1769 | D:4      | Noticed an ogre
  1776 | D:4      | Reached skill level 5 in Armour
  1861 | D:4      | Found Hoezovid's Book Shop.
  1953 | D:4      | Reached skill level 5 in Fighting
  2046 | D:4      | Found a snail-covered altar of Cheibriados.
  2063 | D:4      | Became a worshipper of Cheibriados the Contemplative
  2070 | D:4      | Noticed an ogre
  2075 | D:4      | Killed an ogre
  2076 | D:4      | Reached XP level 6. HP: 42/56 MP: 5/5
  2322 | D:4      | Reached skill level 5 in Axes
  2331 | D:4      | Found a blossoming altar of Fedhas.
  2337 | D:4      | Reached skill level 1 in Invocations
  2458 | D:5      | Entered Level 5 of the Dungeon
  2463 | D:5      | Reached XP level 7. HP: 60/62 MP: 6/6
  2500 | D:5      | Reached skill level 1 in Dodging
  2565 | D:5      | Found a stormy altar of Qazlal.
  2579 | D:5      | Reached * piety under Cheibriados
  2626 | D:5      | Noticed Prince Ribbit
  2639 | D:5      | Killed Prince Ribbit
  2640 | D:5      | Reached skill level 5 in Shields
  2845 | D:5      | Reached XP level 8. HP: 71/71 MP: 8/8
  3354 | D:6      | Identified a scroll of acquirement
  3354 | D:6      | Acquired a +0 broad axe of freezing
  3873 | D:6      | Reached ** piety under Cheibriados
  4439 | D:6      | Found a burning altar of Makhleb.
  4667 | D:7      | Reached XP level 9. HP: 75/81 MP: 10/10
  4697 | D:7      | Found a staircase to the Ecumenical Temple.
  5668 | D:8      | Reached *** piety under Cheibriados
  5682 | D:8      | Noticed a two-headed ogre
  5689 | D:8      | Killed a two-headed ogre
  5918 | D:8      | Noticed Joseph
  5933 | D:8      | Killed Joseph
  6270 | D:8      | Identified the +8 plate armour of the Sun {-Tele Harm rC-
                  | Dex+7}
  6452 | D:8      | Reached XP level 10. HP: 91/91 MP: 12/12
  6466 | D:8      | Identified the +6 great sword of Abuse {freeze, Will+
                  | Dex+3}
  6784 | D:9      | Noticed Erica
  6803 | D:9      | Killed from afar by Erica

Illustrated notes

Levels and vault maps discovered:
D:1:      heliophobic_arrival_battle_scene, layout_basic
D:2:      layout_rooms, ebering_ecumenical_altar_box, serial_undead,
          serial_undead_a, serial_undead_f, serial_undead_b, serial_undead_b,
          grunt_ministairs_1
D:3:      minmay_angry_zag, layout_rooms, chequers_serial_rivers_room_a,
          chequers_big_river
D:4:      layout_rooms, mainiacjoe_overflow_chevrons,
          mainiacjoe_overflow_surrounded_room, serial_shops,
          nicolae_book_shop_shelving, gammafunk_ghost_split, kennysheep_dice
D:5:      layout_cave_pools, grunt_qazlal_sundering, enter_ossuary_4,
          uniq_prince_ribbit1
D:6:      layout_gridville, marbit_many_paths
D:7:      layout_basic, minmay_temple_entry_hall, minmay_misc_feat_pillars,
          minmay_fountain_box
D:8:      layout_basic, uniq_joseph
D:9:      layout_basic, vehumet_altar_wand_db, minmay_protected_statue,
          uniq_maggie, uniq_erica

Skill      XL: |  1  2  3  4  5  6  7  8  9 |
---------------+----------------------------+-----
Armour         | 4 5 6 7 9 |  9.3
Fighting       | 4 5 6 7 9 |  9.2
Axes           | 3 4 5 6 7 8 |  8.8
Shields        | 4 5 6 |  6.9
Invocations    | 1 2 3 4 |  4.1
Dodging        | 2 3 4 |  4.5

Action                     |  1- 3 |  4- 6 |  7- 9 | 10-12 || total
---------------------------+-------+-------+-------+-------++-------
  Melee: War axe           |    86 |       |       |       ||    86
         Headbutt          |    12 |    11 |    34 |     3 ||    60
         Hand axe          |    13 |    48 |    68 |       ||   129
         Broad axe         |       |       |   111 |    14 ||   125
 Invoke: Temporal Distorti |       |       |       |     1 ||     1
    Use: Scroll            |       |       |    18 |       ||    18
         Potion            |       |       |       |     5 ||     5
 Armour: Scale mail        |    46 |     3 |       |       ||    49
         Plate armour      |       |    11 |    97 |    13 ||   121
  Dodge: Dodged            |    39 |    12 |    66 |     5 ||   122
  Block: Buckler           |    19 |    12 |    62 |     4 ||    97
